 Seeded DCSS version 0.25-a0-294-gea9b1ad (webtiles) character file.

Game seed: 9106781343264081485, levelgen mode: deterministic

102 Illumine the Slasher (level 4, 0/42 HPs)
             Began as a Naga Chaos Knight on Dec 17, 2019.
             Was a Plaything of Xom.
             Slain by a gnoll
             ... wielding a +0 flail
              (5 damage)
             ... on level 2 of the Dungeon.
             The game lasted 00:05:30 (1852 turns).

Illumine the Slasher (Naga Chaos Knight)            Turns: 1852, Time: 00:05:30

Health: 0/42       AC:  5    Str: 14    XL:     4   Next: 78%
Magic:  4/4        EV:  9    Int: 13    God:    Xom [.*....]
Gold:   58         SH:  0    Dex: 11    Spells: 3/3 levels left

rFire    . . .     SeeInvis +   k - +0 dagger (venom)
rCold    . . .     Gourm    .   (no shield)
rNeg     . . .     Faith    .   b - +2 leather armour
rPois    +         Spirit   .   (no helmet)
rElec    .         Reflect  .   (no cloak)
rCorr    .         Harm     .   (no gloves)
MR       .....                  (no barding)
Stlth    +.........             (no amulet)
HPRegen  0.14/turn              l - ring of flight
MPRegen  0.09/turn              (no ring)

@: very slow
A: large, see invisible, deformed body, poison resistance, slowness 2, slow
metabolism 1, spit poison 1, AC +1
a: Spit Poison, Renounce Religion, Evoke Flight


You were on level 2 of the Dungeon.
You worshipped Xom.
You were a plaything of Xom.
You were not hungry.

You visited 1 branch of the dungeon, and saw 2 of its levels.

You collected 58 gold pieces.

Inventory:

Hand Weapons
 a - a +0 falchion of chaos
 k - a +0 dagger of venom (weapon)
Missiles
 i - 4 poisoned darts (quivered)
Armour
 b - a +2 leather armour (worn)
 n - a +0 chain mail
Jewellery
 l - a ring of flight (left hand)
Scrolls
 m - a scroll of identify {unknown}
Potions
 f - a potion of flight {unknown}
 j - a potion of resistance {unknown}
Comestibles
 c - 2 rations
 d - a chunk of flesh


   Skills:
 - Level 3.0 Fighting
 * Level 4.6 Long Blades
 + Level 2.5 Armour
 - Level 1.0 Dodging


You had 3 spell levels left.
You didn't know any spells.
Your spell library was empty.

Dungeon Overview and Level Annotations

Branches:
Dungeon (2/15)

Altars:


Innate Abilities, Weirdness & Mutations

You cannot wear boots.
Your serpentine skin is tough. (AC +1)
You have supernaturally acute eyesight. (SInv)
Armour fits poorly on your strangely shaped body.
Your system is resistant to poisons. (rPois)
You cover ground very slowly.
You have a slow metabolism.
You can spit poison.


Message History

You throw a poisoned dart.
The poisoned dart closely misses the gnoll.
The gnoll hits you with a +0 flail.
* * * LOW HITPOINT WARNING * * *
The gnoll hits you with a +0 flail!
* * * LOW HITPOINT WARNING * * *
Press: ? - help, Shift-Dir - straight line, f/p - gnoll
Aim: a gnoll, wielding a +0 flail (lightly wounded)
Okay, then.
Press: ? - help, Shift-Dir - straight line, f/p - gnoll
Aim: a gnoll, wielding a +0 flail (lightly wounded)
The splash of poison hits the gnoll.
The gnoll is poisoned.
The gnoll is moderately wounded.
You feel slightly more hungry. The gnoll barely misses you.
Found 5 stones.
Found a scroll labeled HIGABO NOCWOG.
You have got your breath back.
The gnoll hits you with a +0 flail.
You die... "This toy is broken."

....####...#.####.#######,*,,,***
........((....)..........,,,,,,,,
....###.#########.#######,,,,,**,
##### #.# #.# **,,,,**,
#.#########.# *,,,,**,
#*****#+##...[..#.#######*,,,,**,
#,,,,,,,,....^..+.....(..,,,,,**,
#,,,,,,,,#......#g#######*,,*,**,
#,,,,,,,,.......@.# **,*,**,
#,,,,,,,,#.....?### *,,,**,
#,,,,,,,,#......* **,,,,,
#,,,,,,,,#......* *,,**,
*,,,,,,,,#......* *,,**+
******,**#......* ********,,*,,
*,* #######* *,,,,,,,,,,,, *,*
******,**,,,, *,* *,***,,,


You could see a gnoll.

Vanquished Creatures
  Terence (D:2)
  3 gnolls (D:2)
  An adder (D:2)
  An ooze (D:1)
  A worm (D:2)
  A dart slug (D:1)
  A leopard gecko (D:1)
  2 ball pythons (D:1)
  3 bats
  A giant cockroach (D:1)
  2 hobgoblins (D:1)
  2 jackals (D:1)
  A quokka (D:2)
  2 frilled lizards (D:2)
  2 goblins (D:1)
  2 kobolds (D:1)
  8 rats
34 creatures vanquished.

Notes
Turn   | Place    | Note
-------+----------+-------------------------------------------
     0 | D:1      | Illumine the Naga Chaos Knight began the quest for the Orb.
     0 | D:1      | Reached XP level 1. HP: 21/21 MP: 1/1
   194 | D:1      | XOM: harmless Conj miscast
   221 | D:1      | XOM: silly message
   383 | D:1      | Reached skill level 1 in Dodging
   414 | D:1      | Reached XP level 2. HP: 12/28 MP: 2/2
  1050 | D:1      | Reached XP level 3. HP: 34/34 MP: 3/3
  1347 | D:1      | XOM is BORED!
  1603 | D:2      | XOM: smoke on damage
  1627 | D:2      | Noticed Terence
  1641 | D:2      | Killed Terence
  1641 | D:2      | Reached skill level 4 in Long Blades
  1641 | D:2      | Reached XP level 4. HP: 29/42 MP: 4/4
  1672 | D:2      | XOM: mild Tloc miscast
  1852 | D:2      | Slain by a gnoll

Levels and vault maps discovered:
D:1:      ncdulo_smallfort, layout_basic, skrybe_limestone_x,
          roderic_roman_lattice
D:2:      layout_basic, lemuel_blue_sif_altar, nicolae_overflow_hidden_temple,
          lemuel_doored_altar, uniq_terence

Skill      XL: |  1  2  3 |
---------------+----------+-----
Dodging        | 1 |  1.0
Armour         | 2 |  2.5
Long Blades    | 4 |  4.6
Fighting       | |  3.0

Action                   |  1- 3 |  4- 6 || total
-------------------------+-------+-------++-------
Melee: Falchion          |    37 |       ||    37
       Dagger            |    18 |    10 ||    28
Throw: Dart              |     7 |     5 ||    12
 Abil: Spit Poison       |    14 |     6 ||    20
  Use: Scroll            |       |     4 ||     4
  Eat: Chunk             |     2 |     1 ||     3
Armor: Leather armour    |    18 |     2 ||    20
       Chain mail        |       |     3 ||     3
Dodge: Dodged            |    31 |     7 ||    38
       Rpst.: Falchion   |     5 |       ||     5

Table legend:
 A = Non-vault XP
 B = Vault XP
 C = Vault XP percentage of total XP
 D = Non-vault monster count
 E = Vault monster count
 F = Vault count percentage of total count
                 A         B        C        D         E       F
            +---------+---------+-------+---------+---------+-------
      Total |     111 |      36 |  24.5 |      33 |       1 |   2.9
            +---------+---------+-------+---------+---------+-------
        D:1 |      44 |       0 |   0.0 |      23 |       0 |   0.0
        D:2 |      67 |      36 |  35.0 |      10 |       1 |   9.1
            +---------+---------+-------+---------+---------+-------
